 Dungeon Crawl Stone Soup version 0.21-a0-321-g91e3373 (webtiles) character file.

10 vishdafish the Grave Robber (level 2, 19/19 HPs)
             Began as a Demonspawn Necromancer on Sept 30, 2017.
             Quit the game on level 1 of the Dungeon.
             The game lasted 00:01:05 (309 turns).

vishdafish the Grave Robber (Demonspawn Necromancer) Turns: 309, Time: 00:01:05

Health: 19/19      AC:  2    Str:  8    XL:     2   Next: 10%
Magic:  5/5        EV: 13    Int: 16    God:
Gold:   3          SH:  0    Dex: 18    Spells: 4/5 levels left

rFire    . . .     SeeInvis .   e - +0 dagger
rCold    . . .     Gourm    .   (no shield)
rNeg     . . .     Faith    .   a - +0 robe
rPois    .         Spirit   .   (no helmet)
rElec    .         Reflect  .   (no cloak)
rCorr    .         Harm     .   (no gloves)
MR       .....                  (no boots)
Stlth    +++.......             (no amulet)
HPRegen  0.06/turn              d - +3 ring of dexterity
MPRegen  0.09/turn              (no ring)

@: no status effects
A: thin skeletal structure 1
a: no special abilities


You were on level 1 of the Dungeon.
You were not hungry.

You visited 1 branch of the dungeon, and saw 1 of its levels.

You collected 3 gold pieces.

Inventory:

Hand Weapons
 e - a +0 dagger (weapon)
Armour
 a - a +0 robe (worn)
Jewellery
 d - a +3 ring of dexterity (left hand)
Scrolls
 f - 2 scrolls of amnesia {unknown}
 g - a scroll of magic mapping {unknown}
Books
 b - a book of Necromancy

   Spells                             Type                      Level
   a - Pain                           Necromancy                   1
   b - Animate Skeleton               Necromancy                   1
   c - Vampiric Draining              Necromancy                   3
   d - Regeneration                   Charms/Necromancy            3
   e - Animate Dead                   Necromancy                   4
   f - Control Undead                 Necromancy                   4
Comestibles
 c - 2 bread rations
 h - a meat ration


   Skills:
 - Level 2.0 Dodging
 - Level 1.7 Stealth
 - Level 2.0 Spellcasting
 + Level 4.8 Necromancy


You had 4 spell levels left.
You knew the following spells:

 Your Spells              Type           Power        Failure   Level  Hunger
a - Pain                  Necr           ###.         2%          1    #......


Dungeon Overview and Level Annotations

Branches:
Dungeon (1/15)

Altars:


Innate Abilities, Weirdness & Mutations

You have a somewhat thin skeletal structure. (Dex +2, Stealth)


Message History

The frilled lizard is heavily wounded.
The frilled lizard closely misses you.
You hit the frilled lizard.
You kill the frilled lizard!
You have reached level 2!
Your demonic ancestry asserts itself...
Your bones become slightly less dense.
c - 2 bread rations (gained 1)
The frilled lizard is too close now for your liking.
The helpless frilled lizard fails to defend itself.
You puncture the frilled lizard!
You kill the frilled lizard!
You now have 3 gold pieces.
A bat comes into view.
A kobold comes into view.
The kobold moves out of view.
The helpless bat fails to defend itself.
You puncture the bat!
You kill the bat!
Are you sure you want to abandon this character and quit the game? (Confirm with "yes".)

#. # # .##### # #.
....#### # ...
......############ ..
........†........
#.###K##.############
#.....##.### ##
#...@......# #.
#...###.##.#.#########.
... #.##.#........[.. #
#.##..###########
#.###............ #.#
#.########### #.# #.#
### # ... ..# ##.###
##.# #.#...


You could see a kobold.

Vanquished Creatures
  2 bats (D:1)
  A giant cockroach (D:1)
  3 goblins (D:1)
  3 frilled lizards (D:1)
9 creatures vanquished.

Notes
Turn   | Place    | Note
-------+----------+-------------------------------------------
     0 | D:1      | vishdafish the Demonspawn Necromancer began the quest for the Orb.
     0 | D:1      | Reached XP level 1. HP: 13/13 MP: 3/3
   239 | D:1      | Gained mutation: You have a somewhat thin skeletal structure. (Dex +2, Stealth) [demonic ancestry]
   239 | D:1      | Reached XP level 2. HP: 18/19 MP: 5/5
   309 | D:1      | Quit the game

Vault maps used:
D:1:      lightli_arrival_flooded_house

Skill      XL: |  1 |
---------------+----+-----
Dodging        | 2 |  2.0
Stealth        | |  1.7
Spellcasting   | |  2.0
Necromancy     | |  4.8

Action                   || total
-------------------------++-------
Melee: Dagger            ||    11
       Unarmed           ||     1
 Cast: Pain              ||     4
 Stab: Sleeping          ||     3
Armor: Robe              ||     2
Dodge: Dodged            ||     6

Table legend:
 A = Spawn XP
 B = Non-spawn XP
 C = Spawn XP percentage of total XP
 D = Spawn monster count
 E = Non-spawn monster count
 F = Spawn count percentage of total count
 G = Total turns spent on level
                    A         B        C        D         E        F      G
               +---------+---------+-------+---------+---------+-------+---------
         Total |       0 |      15 |   0.0 |       0 |       9 |   0.0 |   309
               +---------+---------+-------+---------+---------+-------+---------
           D:1 |       0 |      15 |   0.0 |       0 |       9 |   0.0 |   309
               +---------+---------+-------+---------+---------+-------+---------
